 Dungeon Crawl Stone Soup version 0.29.1-2-gbd0b4ee654 (webtiles) character file.

Game seed: 7077980517635326878

15998 sanboga the Fighter (level 12, -2/136 HPs)
             Began as an Ogre Berserker on Nov 17, 2022.
             Was a High Priest of Trog.
             Slain by a vault guard
             ... wielding a +0 war axe
              (19 damage)
             ... on level 13 of the Dungeon.
             The game lasted 00:18:50 (14169 turns).

sanboga the Fighter (Ogre Berserker)               Turns: 14169, Time: 00:18:50

Health: -2/136     AC: 12    Str: 28    XL:     12   Next: 32%
Magic:  0/12       EV: 11    Int:  8    God:    Trog [*****.]
Gold:   1032       SH:  4    Dex:  8    Spells: 11/11 levels left

rFire   . . .      SeeInvis .   B - +9 giant spiked club (vorpal)
rCold   . . .      Faith    .   (shield currently unavailable)
rNeg    . . .      Spirit   +   b - +0 troll leather armour
rPois   +          Reflect  .   (helmet restricted)
rElec   .          Harm     .   i - +2 cloak
rCorr   .          Rampage  .   (gloves unavailable)
Will    ++...                   (boots unavailable)
Stlth   +.........              w - amulet of the Special Portals {Spirit rPois}
HPRegen 1.12/turn               h - +4 ring of protection
MPRegen 0.13/turn               x - ring of willpower

@: no status effects
A: large, unfitting armour, tough skin 1, talons 1, large bone plates 1
a: Renounce Religion, Berserk, Trog's Hand, Brothers in Arms


You were on level 13 of the Dungeon.
You worshipped Trog.
Trog was extremely pleased with you.
You visited 1 branch of the dungeon, and saw 13 of its levels.

You collected 1032 gold pieces.

Inventory:

Hand Weapons
 B - a +9 vorpal giant spiked club (weapon)
 C - a +0 giant spiked club
Armour
 b - a +0 troll leather armour (worn)
 i - a +2 cloak (worn)
Jewellery
 h - a +4 ring of protection (left hand)
 p - a ring of flight
 w - the amulet of the Special Portals (around neck) {Spirit rPois}
   (You found it on level 5 of the Dungeon)

   [amulet of guardian spirit]

   It causes incoming damage to be divided between your reserves of health and
   magic.
   rPois:     It protects you from poison.
 x - a ring of willpower (right hand)
Wands
 s - a wand of flame (47)
 v - a wand of iceblast (3)
 A - a wand of mindburst (4)
Scrolls
 c - 3 scrolls of poison
 d - 5 scrolls of teleportation
 e - 4 scrolls of magic mapping
 g - 2 scrolls of enchant weapon
 j - 2 scrolls of silence
 o - 2 scrolls of identify
 q - a scroll of fear
 r - 2 scrolls of blinking
 u - a scroll of butterflies
 y - 2 scrolls of enchant armour
Potions
 a - 4 potions of heal wounds
 f - 4 potions of mutation
 l - 2 potions of ambrosia {unknown}
 m - 2 potions of haste
 n - 4 potions of curing
 t - 2 potions of invisibility
 z - a potion of brilliance {unknown}
 D - 2 potions of might {unknown}


   Skills:
 + Level 13.4 Fighting
 * Level 13.1 Maces & Flails
 + Level 9.6 Dodging


You had 11 spell levels left.
You didn't know any spells.
Your spell library was empty.

Dungeon Overview and Level Annotations

Branches:
Dungeon (13/15)            Temple (0/1) D:4            Lair (0/5) D:8
    Orc (0/2) D:12
 Vaults: D:13-14

Altars:
Ashenzari
Cheibriados
Elyvilon
Hepliaklqana
Makhleb
Okawaru
Qazlal
Ru
Sif Muna
Trog
Vehumet
Xom
Yredelemnul
The Shining One

Shops:
D:5 (

Annotations:
D:9 1 runed translucent door, warborn304's ghost, novice MiBe


Innate Abilities, Weirdness & Mutations

You are too large for most types of armour.
You have tough skin. (AC +1)
You have sharp toenails.
You are partially covered in large bone plates. (SH +4)


Message History

You hear a shout!
The vault guard barely misses you. The vault guard blocks your attack.
The vault guard is severely wounded.
You block the vault guard's attack.
The vault guard hits you but does no damage.
The vault guard blocks your attack.
Your kick misses the vault guard.
The vault guard is severely wounded.
You block the vault guard's attack.
The vault guard hits you from afar with a +0 bardiche!
The vault guard blocks your attack.
You claw the vault guard!
The vault guard is severely wounded.
The vault guard hits you with a +0 war axe.
The vault guard hits you from afar with a +0 bardiche!!
The vault guard completely misses you. The vault guard blocks your attack.
Your kick misses the vault guard.
The vault guard is severely wounded.
The vault guard hits you but does no damage.
The vault guard hits you with a +0 war axe.
The vault guard hits you from afar with a +0 bardiche!!
The vault guard blocks your attack.
Your kick misses the vault guard.
The vault guard is severely wounded.
The vault guard hits you with a +0 war axe!
The vault guard misses you. The vault guard blocks your attack.
The vault guard is severely wounded.
You block the vault guard's attack. The vault guard barely misses you.
You thump the vault guard! The vault guard blocks your attack.
The vault guard is almost dead.
The vault guard closely misses you.
The vault guard hits you from afar with a +0 bardiche!
You hit the vault guard but do no damage.
You claw the vault guard.
The vault guard is almost dead.
The vault guard hits you with a +0 war axe!!
* * * LOW HITPOINT WARNING * * *
The vault guard hits you from afar with a +0 bardiche!!
* * * LOW HITPOINT WARNING * * *
The vault guard hits you with a +0 war axe!!
You die...

#... #..#######
#..#§..§§p
#..#'#+#'#
#..'......
#.pp.....p ####
#pppp.p... #...
##p#+#+#+# #...
#@# #...
#.#############.).
##................
#......>...#####.
#..........# #.
.............# #.
#.............# #.
#.............# #.
#.............# #.


You could see 3 vault guards and 3 humans.

Vanquished Creatures
  A hydra (D:13)
  3 two-headed ogres
  A centaur warrior (D:13)
  Amaemon (D:8)
  A cyclops (D:11)
  A guardian serpent (shapeshifter) (D:13)
  An orange demon (D:8)
  The ghost of ZoeForever1 the Insei, a novice DsTm (D:5)
  An efreet (D:13)
  A komodo dragon (D:11)
  An unseen horror (D:11)
  3 kobold demonologists
  2 trolls (D:11)
  2 hornets
  Prince Ribbit (D:7)
  2 wraiths (D:11)
  A wyvern (D:7)
  A vampire (D:11)
  11 yaks
  A human (D:13)
  Grum (D:8)
  The ghost of llahlahkje the Trooper, an amateur DsFi of Yredelemnul (D:4)
  A steam dragon (D:8)
  6 vampire mosquitoes
  An acid dragon (D:10)
  A water moccasin (D:7)
  10 orc warriors
  An ice beast (D:8)
  2 ogres
  2 wolves (D:8)
  5 centaurs
  A phantom (D:6)
  4 kobold brigands
  6 bullfrogs
  2 necrophages
  A gnoll sergeant (D:12)
  3 scorpions
  13 killer bees
  2 howler monkeys
  4 crimson imps (D:8)
  A hound (D:5)
  A jelly (D:7)
  17 orc priests
  Crazy Yiuf (D:7)
  Ijyb (D:5)
  A gnoll bouda (D:6)
  An iguana (D:5)
  13 orc wizards
  19 gnolls
  5 adders
  An ufetubus (D:6)
  4 dart slugs
  77 orcs
  3 bats
  9 endoplasms
  5 giant cockroaches
  6 goblins
  4 hobgoblins
  5 jackals
  19 kobolds
  3 quokkas
  5 ball pythons
  5 frilled lizards
  4 rats (D:3)
314 creatures vanquished.

Vanquished Creatures (others)
  5 plants
  2 withered plants (D:4)
7 creatures vanquished.

Grand Total: 321 creatures vanquished

Notes
Turn   | Place    | Note
-------+----------+-------------------------------------------
     0 | D:1      | sanboga the Ogre Berserker began the quest for the Orb.
     0 | D:1      | Reached XP level 1. HP: 24/24 MP: 1/1
   197 | D:1      | Reached XP level 2. HP: 32/32 MP: 2/2
   675 | D:1      | Reached XP level 3. HP: 28/40 MP: 3/3
  1030 | D:1      | Found a faded altar of an unknown god.
  1493 | D:2      | Reached ** piety under Trog
  1605 | D:2      | Found a hazy altar of Hepliaklqana.
  1845 | D:2      | Reached XP level 4. HP: 13/49 MP: 4/4
  1850 | D:2      | Gained mutation: You are partially covered in large bone
                  | plates. (SH +4) [potion of mutation]
  1850 | D:2      | Gained mutation: You have sharp toenails. [potion of
                  | mutation]
  2268 | D:3      | Reached skill level 5 in Fighting
  2268 | D:3      | Reached XP level 5. HP: 50/57 MP: 5/5
  2425 | D:3      | Found a snail-covered altar of Cheibriados.
  2501 | D:3      | Found a glowing golden altar of the Shining One.
  2510 | D:3      | Found an iron altar of Okawaru.
  2511 | D:3      | Found a basalt altar of Yredelemnul.
  2512 | D:3      | Found a radiant altar of Vehumet.
  2512 | D:3      | Found a white marble altar of Elyvilon.
  2590 | D:3      | Found a stormy altar of Qazlal.
  2888 | D:4      | You are sucked into a shaft and drop 1 floor!
  2888 | D:5      | Entered Level 5 of the Dungeon
  2888 | D:5      | Found Mian's Weapon Shoppe.
  2925 | D:4      | Found a runed translucent door.
  2925 | D:4      | Noticed llahlahkje's ghost (amateur DsFi)
  3089 | D:4      | Noticed an ogre
  3096 | D:4      | Killed an ogre
  3097 | D:4      | Reached XP level 6. HP: 67/67 MP: 6/6
  3186 | D:4      | Reached skill level 5 in Maces & Flails
  3257 | D:4      | Reached *** piety under Trog
  3495 | D:4      | Found a staircase to the Ecumenical Temple.
  3524 | D:4      | Killed llahlahkje's ghost
  3525 | D:4      | Reached XP level 7. HP: 75/75 MP: 7/7
  3989 | D:5      | Found a large runed translucent door.
  3989 | D:5      | Found a large runed translucent door.
  4270 | D:5      | Noticed Ijyb
  4273 | D:5      | Killed Ijyb
  4293 | D:5      | Identified the amulet of the Special Portals {Spirit rPois}
  4423 | D:5      | Noticed ZoeForever1's ghost (novice DsTm)
  4427 | D:5      | Found a hazy altar of Hepliaklqana.
  4433 | D:5      | Found a faded altar of an unknown god.
  4434 | D:5      | Found a faded altar of an unknown god.
  4445 | D:5      | Reached XP level 8. HP: 85/87 MP: 8/8
  4727 | D:5      | Killed ZoeForever1's ghost
  4728 | D:5      | Reached skill level 5 in Dodging
  5168 | D:6      | Noticed a yak
  5168 | D:6      | Noticed a yak
  5171 | D:6      | Noticed a yak
  5172 | D:6      | Noticed a yak
  5174 | D:6      | Killed a yak
  5183 | D:6      | Killed a yak
  5184 | D:6      | Noticed a yak
  5187 | D:6      | Killed a yak
  5188 | D:6      | Reached XP level 9. HP: 63/97 MP: 5/9
  5903 | D:6      | Reached **** piety under Trog
  6637 | D:7      | Noticed Prince Ribbit
  6645 | D:7      | Killed Prince Ribbit
  6689 | D:7      | Found a runed translucent door.
  6690 | D:7      | Noticed Crazy Yiuf
  6698 | D:7      | Killed Crazy Yiuf
  6703 | D:7      | Identified the +6 hammer of Noon {pain, Fragile rF+ Int+7}
  6813 | D:7      | Found a bloodstained altar of Trog.
  7172 | D:7      | Found a burning altar of Makhleb.
  7770 | D:7      | Reached XP level 10. HP: 105/110 MP: 10/10
  7908 | D:8      | Reached skill level 10 in Fighting
  8271 | D:8      | Found a shimmering blue altar of Sif Muna.
  8319 | D:8      | Reached skill level 10 in Maces & Flails
  8487 | D:8      | Noticed Grum
  8504 | D:8      | Killed Grum
  8566 | D:8      | Found a shimmering altar of Xom.
  8948 | D:8      | Found a staircase to the Lair.
  9023 | D:8      | Noticed Amaemon
  9037 | D:8      | Killed Amaemon
  9040 | D:8      | Noticed an orange demon
  9046 | D:8      | Killed an orange demon
  9138 | D:8      | Reached ***** piety under Trog
  9571 | D:9      | Found a runed translucent door.
  9572 | D:9      | Identified the +7 spear "Yduraac" {venom, Fragile rN+++
                  | Will++ Str-3}
  9574 | D:9      | Noticed warborn304's ghost (novice MiBe)
  9754 | D:9      | Reached XP level 11. HP: 120/120 MP: 11/11
 10534 | D:9      | Found a broken altar of Ashenzari.
 11031 | D:10     | Entered Level 10 of the Dungeon
 11733 | D:10     | Found a sacrificial altar of Ru.
 11984 | D:10     | Received a gift from Trog
 12467 | D:11     | Noticed a two-headed ogre
 12471 | D:11     | Killed a two-headed ogre
 12831 | D:11     | Noticed a cyclops
 12834 | D:11     | Killed a cyclops
 13477 | D:12     | Noticed a two-headed ogre
 13486 | D:12     | Killed a two-headed ogre
 13511 | D:12     | Reached XP level 12. HP: 111/133 MP: 12/12
 13544 | D:12     | Noticed a two-headed ogre
 13553 | D:12     | Killed a two-headed ogre
 13676 | D:12     | Found a staircase to the Orcish Mines.
 13992 | D:13     | Noticed a centaur warrior
 14003 | D:13     | Killed a centaur warrior
 14047 | D:13     | Noticed a four-headed hydra
 14057 | D:13     | Killed a four-headed hydra
 14129 | D:13     | Noticed a soul eater
 14154 | D:13     | Noticed a vault guard
 14154 | D:13     | Noticed a vault guard
 14156 | D:13     | Noticed a vault guard
 14169 | D:13     | Slain by a vault guard

Illustrated notes

Levels and vault maps discovered:
D:1:      dpeg_arrival_simpleton_c, layout_loops_cross,
          chequers_ecumenical_altar_grove, grunt_decor_mini_mirrors
D:2:      layout_loops_ring, basic_altar, minmay_misc_feat_encased
D:3:      layout_basic, grunt_temple_overflow_open
D:4:      layout_basic, minmay_temple_entry_enclosed_plants,
          gammafunk_ghost_grave, minmay_misc_feat_square
D:5:      layout_basic, nicolae_hepliaklqana_ecumenical_no_more,
          ebering_ghost_disaster_area, nicolae_stop_n_shop_2, uniq_ijyb
D:6:      layout_basic, lemuel_flame_loot_1
D:7:      layout_gridville, mainiacjoe_overflow_paths,
          mainiacjoe_overflow_tiny_flanked, uniq_prince_ribbit1,
          uniq_crazy_yiuf_cottage
D:8:      layout_rooms, led_xom_imps, nicolae_sif_muna_condensation,
          lair_entry_dummy, nrook_pool_corridor, uniq_grum, uniq_amaemon
D:9:      layout_grid_maze, mainiacjoe_overflow_alcove_1,
          ebering_ghost_funeral_grove
D:10:     layout_roguey, nicolae_ru_awakened_eye, roderic_serpentine_path
D:11:     layout_grid_maze
D:12:     layout_cave_pools, hiddenorc2_lemuel, serial_column_ruins,
          column_ruins_open_small_water, column_ruins_open_medium,
          column_ruins_columns_corner
D:13:     layout_irregular_city, ximxim_vaults_locker_room

Skill      XL: |  1  2  3  4  5  6  7  8  9 10 11 12 |
---------------+-------------------------------------+-----
Maces & Flails | 3 4 5 6 7 9 11 12 13 | 13.1
Dodging        | 3 4 5 6 8 9 |  9.6
Fighting       | 5 6 7 8 9 11 12 13 | 13.4

Action                   |  1- 3 |  4- 6 |  7- 9 | 10-12 || total
-------------------------+-------+-------+-------+-------++-------
Melee: Mace              |   122 |    24 |       |       ||   146
       Flail             |       |    77 |       |       ||    77
       Kick              |       |    24 |    37 |   103 ||   164
       Punch             |       |     1 |       |       ||     1
       Giant club        |       |    16 |   208 |   297 ||   521
       Giant spiked club |       |       |       |   192 ||   192
Invok: Berserk           |       |     2 |     2 |     2 ||     6
Evoke: Wand              |       |       |       |    10 ||    10
  Use: Scroll            |       |     4 |     5 |    16 ||    25
       Potion            |       |     3 |       |     1 ||     4
Armor: Animal skin       |    70 |    48 |    99 |   186 ||   403
       Troll leather arm |       |       |       |   130 ||   130
       Acid dragon scale |       |       |       |    11 ||    11
Dodge: Dodged            |    85 |    54 |   112 |   375 ||   626
Block: Other             |       |    15 |    48 |   145 ||   208
